[Event "*** Titled Tuesday Blitz AM"]
[Site "Chess.com"]
[Date "2020.01.07"]
[Round "1"]
[White "Sanan_Sjugirov"]
[Black "AwareIdea"]
[Result "1-0"]
[WhiteElo "2955"]
[BlackElo "2514"]
[TimeControl "180+2"]
[EndTime "9:10:20 PST"]
[Termination "Sanan_Sjugirov won by resignation"]

1. Nf3 Nf6 2. c4 e6 3. g3 d5 4. Bg2 dxc4 5. Qa4+ Bd7 6. Qxc4 c5 7. Ne5 Qc8 8. a4 Nc6 9. Nxd7 Qxd7 10. a5 Rc8 11.
O-O Be7 12. Nc3 O-O 13. d3 Rfd8 14. a6 b6 15. Qa4 Nd5 16. Bd2 Bf6 17. Rfc1 Nd4 18. Qd1 Nxc3 19. bxc3 Nc6 20. Qa4 Ne7 21. Bb7 Rc7 22. Bf4 Qxa4 23. Rxa4 Rcd7 24. c4 Ng6 25. Bd2 Be5 26. Bc6 Re7 27. Rb1 Bc7 28. f4 e5 29. f5 Nf8 30. g4 f6 31. Be3 h6 32. Kg2 Nh7 33. h4 Nf8 34. Kf3 Kf7 35.
Bd5+ Ke8 36. Raa1 Nd7 37. Rh1 Nf8 38. Be4 Nh7 39. Rag1 Kd7 40. g5 hxg5 41. hxg5 Nxg5+ 42. Bxg5 fxg5 43. Rxg5 Rf8 44. Rh7 Rg8 45. Kg4 Bd8 46.
Bd5 Rf8 47. Rgxg7 Rf6 48. Rxe7+ Bxe7 49. Be4 Rf8 50. Bd5 Rf6 51. Rh1 Rf8 52. Be6+ Kd6 53. Rh7 Rf6 54. Kf3 Rf8 55. Ke4 Rf6 56. e3 Rf8 57. Bf7 Bf6 58. Bg6 Be7 59. Rh1 Rf6 60.
Rh6 Bf8 61. Rh8 Ke7 62. Rh7+ 1-0

[Event "*** Titled Tuesday Blitz AM"]
[Site "Chess.com"]
[Date "2020.01.07"]
[Round "1"]
[White "Megagigahiper3345"]
[Black "Yaacovn"]
[Result "0-1"]
[WhiteElo "2453"]
[BlackElo "2835"]
[TimeControl "180+2"]
[EndTime "9:10:21 PST"]
[Termination "Yaacovn won by resignation"]

1. d4 Nf6 2. c4 e5 3. dxe5 Ne4 4.
Nd2 Bb4 5. a3 Nxd2 6. Bxd2 Bxd2+ 7. Qxd2 O-O 8. Nf3 Nc6 9. e3 Qe7 10. Qd5 Re8 11. Be2 Nxe5 12. Qxe5 Qxe5 13. Nxe5 Rxe5 14.
Bf3 d6 15. Kd2 Rb8 16. Kc3 b5 17. b3 Be6 18. Rhd1 Kf8 19. Bd5 Ke7 20. Bxe6 fxe6 21.
b4 a5 22. Rd4 c5 23. Rg4 axb4+ 24. axb4 cxb4+ 25. Kxb4 Kf6 26. Ra7 bxc4+ 27. Kxc4 Rc5+ 28.
Kd3 Rb3+ 29. Ke2 g5 30. Rxh7 Rc2+ 31. Kf3 Rbb2 32. Kg3 Rxf2 33. Kh3 Rfe2 34. Rg3 Rb4 35. Rh6+ Kf5 36. Rh5 e5 37. Rhxg5+ Ke6 38. Rg6+ Kd5 39. e4+ Rbxe4 40. Rd3+ Rd4 41. Ra3 Rc4 42. Rd3+ Rd4 43. Ra3 Red2 44. Rgg3 e4 45. Rg5+ Ke6 46. Ra8 Kf6 47.
Rgg8 Rd5 48. Rgf8+ Ke5 49. g4 Kd4 50. Rf5 Rxf5 51.
gxf5 Ke5 52. Kg4 Rxh2 53. Re8+ Kd4 54. f6 Rf2 55. Kg5 e3 56. Re6 d5 57. Kg6 Kd3 58. f7 d4 59. Rf6 Rxf6+ 60. Kxf6 e2 61. f8=Q e1=Q 62. Qa3+ Qc3 63. Qa6+ Kd2 64. Kf5 Qd3+ 65.
Qxd3+ Kxd3 66. Kf4 Kc2 67. Kf3 d3 0-1

[Event "*** Titled Tuesday Blitz AM"]
[Site "Chess.com"]
[Date "2020.01.07"]
[Round "1"]
[White "goldenspine"]
[Black "mazetofonias"]
[Result "1-0"]
[WhiteElo "2335"]
[BlackElo "2686"]
[TimeControl "180+2"]
[EndTime "9:10:25 PST"]
[Termination "goldenspine won by resignation"]

1. d4 Nf6 2. Nf3 e6 3. g3 c5 4. Bg2 cxd4 5. Nxd4 d5 6. O-O e5 7. Nb3 Nc6 8. Nc3 Be6 9. Bg5 d4 10. Bxf6 gxf6 11. Ne4 Be7 12. c3 f5 13. Nec5 Bxb3 14. Qxb3 Bxc5 15. Qxb7 O-O 16. Qxc6 Rc8 17. Qh6 dxc3 18.
bxc3 Qe7 19. Bh3 Qe6 20. Qg5+ Qg6 21. Qxf5 Qxf5 22. Bxf5 Rc7 23. Rab1 Bb6 24. Rb3 Rd8 25. Bd3 Kg7 26. Kg2 Rdc8 27. c4 e4 28. Bxe4 Rxc4 29. Bd3 R4c5 30. Rd1 Rc1 31. Rxc1 Rxc1 32. Rb5 h6 33.
Rf5 Ra1 34. Bc4 f6 35. Bb3 Rc1 36. e3 Re1 37. h4 Re2 38. Kf3 Rb2 39. Rd5 Kf8 40.
Rd7 Ke8 41. Rh7 Ba5 42. Rxh6 Be1 43. Rh8+ Ke7 44. Rh7+ Kd6 45. Rxa7 f5 46. Ra6+ Kc5 47. e4 Rxf2+ 48. Ke3 fxe4 49. Rc6+ Kb5 50. Rc1 Bd2+ 51. Kxf2 Bxc1 52. g4 Kc5 53. Ke2 Kd4 54. Bc2 Ke5 55.
Kd1 Ba3 56. Bb3 Be7 57. h5 Kf4 58. Be6 Ba3 59. h6 Kg5 60. h7 Bb2 61. Bf5 Kh6 62. Bxe4 Kg7 63. Bf5 Ba3 64. Kc2 Bd6 65. Kb3 Kh8 66.
a4 Be5 67. Kc4 Bc7 68. Kd5 Kg7 69. Kc6 Ba5 70. Kd7 Be1 71. Ke6 Bd2 72. Kd5 Kh8 73.
Bd3 Be1 74. g5 Bd2 75. g6 Kg7 76. Ke6 Bc3 77. h8=Q+ Kxh8 78. Kf7 Bg7 79. a5 Be5 80. a6 Bd4 81. a7 1-0

[Event "*** Titled Tuesday Blitz AM"]
[Site "Chess.com"]
[Date "2020.01.07"]
[Round "1"]
[White "2L8IWUN"]
[Black "Evgeny81"]
[Result "0-1"]
[WhiteElo "2120"]
[BlackElo "2578"]
[TimeControl "180+2"]
[EndTime "9:10:28 PST"]
[Termination "Evgeny81 won by resignation"]

1. Nf3 d5 2. d4 c6 3. g3 Nf6 4. Bg2 Bg4 5. O-O e6 6. b3 Nbd7 7. Bb2 Bd6 8. Nbd2 O-O 9. c4 Qe7 10. Re1 Rfd8 11. e4 dxe4 12. Nxe4 Nxe4 13. Rxe4 Nf6 14.
Re1 Bb4 15. Rf1 c5 16. a3 Ba5 17. h3 Bh5 18. Qd3 Bg6 19. Qe3 cxd4 20. Bxd4 Nd7 21. b4 Bc7 22. Rfd1 a6 23. Ne5 Nxe5 24. Bxe5 Bxe5 25.
Qxe5 h6 26. c5 Bd3 27. Rd2 Bb5 28. Rad1 Rxd2 29. Rxd2 a5 30. Qd6 Qxd6 31. Rxd6 axb4 32. axb4 Ra1+ 33. Kh2 Ra4 34. Rb6 Bc6 35. Bxc6 bxc6 36. Rxc6 Rxb4 37. Rc8+ Kh7 38. c6 Rc4 39. c7 g5 40. Kg2 Rc3 41. Kg1 Kg7 42. Kg2 Kf6 43. Rh8 Rxc7 44. Rxh6+ Kf5 45. g4+ Ke5 46. Rh7 Kf6 47.
h4 Kg6 48. Rh8 gxh4 49. f4 Rc4 50. Kf3 Rc3+ 51. Kg2 Rg3+ 52. Kf2 Rxg4 53. Kf3 Kg7 54. Rh5 Rg3+ 55. Kf2 Rh3 56. Kg2 Ra3 57. Rxh4 Kg6 58.
Rg4+ Kf5 59. Rh4 f6 60. Kf2 Ra2+ 61. Kf3 Ra3+ 62. Kf2 Ke4 63. Rh6 Rf3+ 64. Ke2 Rxf4 65. Rg6 Kf5 66. Rh6 Ra4 67. Rh5+ Kg4 68. Rh6 Kg5 69. Rh8 e5 70. Rg8+ Kf4 71. Rh8 Ra2+ 72. Kf1 f5 73. Rh4+ Kg3 74. Rh5 Kg4 75. Rh8 e4 76. Rg8+ Kf3 0-1

[Event "*** Titled Tuesday Blitz AM"]
[Site "Chess.com"]
[Date "2020.01.07"]
[Round "1"]
[White "Angry_Serb"]
[Black "szefru"]
[Result "1-0"]
[WhiteElo "2576"]
[BlackElo "2116"]
[TimeControl "180+2"]
[EndTime "9:10:28 PST"]
[Termination "Angry_Serb won by checkmate"]

1. b3 d5 2. Bb2 c5 3. e3 Nf6 4. Bb5+ Bd7 5. Bxd7+ Nbxd7 6. f4 e6 7. Nf3 Bd6 8. O-O Qc7 9. d3 b5 10. a4 b4 11. Nbd2 O-O 12. Qe1 e5 13. fxe5 Nxe5 14. Qh4 Rae8 15. Rae1 Ng6 16. Qh3 Qd7 17.
Qxd7 Nxd7 18. e4 d4 19. Nc4 Bc7 20. Bc1 Nde5 21. Nfxe5 Nxe5 22. Rf5 Nxc4 23. Rxc5 Bxh2+ 24. Kxh2 Ne5 25. Rc7 Rc8 26. Rxc8 Rxc8 27. Re2 Nxd3 28. Bg5 Ne5 29. Rd2 f6 30. Bf4 Nc6 31. Kg3 g5 32.
Bd6 Rd8 33. Bc5 Rd7 34. Kg4 Kf7 35. Kf5 h5 36. e5 Nxe5 37. Rxd4 Rxd4 38. Bxd4 Nc6 39.
Bxf6 g4 40. Bb2 a6 41. Kg5 Ne7 42. Kxh5 Nd5 43. Kxg4 Ne3+ 44. Kf3 Nxc2 45. Ke2 Ke6 46. Kd2 Na3 47. Kc1 Kd5 48. g4 Ke4 49. g5 Kf5 50. Bf6 Kg6 51. Be7 a5 52. Bd8 Kf5 53. Bxa5 Ke4 54.
Bxb4 Nc4 55. bxc4 Kd4 56. g6 Kxc4 57. Be7 Kb3 58. g7 Ka2 59. g8=Q+ Ka1 60. Bf6# 1-0

[Event "*** Titled Tuesday Blitz AM"]
[Site "Chess.com"]
[Date "2020.01.07"]
[Round "1"]
[White "VladDobrov"]
[Black "Orest_Vovk"]
[Result "1-0"]
[WhiteElo "2814"]
[BlackElo "2424"]
[TimeControl "180+2"]
[EndTime "9:10:32 PST"]
[Termination "VladDobrov won by resignation"]

1. d4 h6 2. e4 g5 3. h4 Bg7 4. hxg5 hxg5 5. Rxh8 Bxh8 6. c3 d5 7. Qh5 Bg7 8. Qxg5 Kf8 9. Qxd5 Qxd5 10. exd5 Nf6 11.
c4 c6 12. dxc6 Nxc6 13. Be3 Nb4 14. Na3 Ng4 15. Nf3 Bf5 16. Kd2 Rd8 17. Be2 Nc6 18. Nc2 Bxc2 19. Kxc2 Bxd4 20. Nxd4 Nxd4+ 21. Bxd4 Rxd4 22. Kc3 e5 23. Bxg4 Rxg4 24. g3 Re4 25. Rd1 Ke7 26. a4 Re2 27. Rd2 Re1 28. a5 Ra1 29. Kb4 Rc1 30. Kb5 Ra1 31. b4 Rb1 32. Kc5 Rb3 33.
Re2 Ke6 34. Rd2 Ke7 35. Ra2 f6 36. Rd2 Rb1 37. f4 e4 38. f5 Rb3 39. Re2 e3 40. b5 Ra3 41. Kd4 Rxa5 42. Rxe3+ Kf7 43. Kc5 b6+ 44.
Kc6 Ra1 45. Re4 Ra3 46. g4 Ra4 47. Kb7 Ra1 48. Kb8 Ra4 49. Rd4 Ke7 50. Re4+ Kf7 51.
Kc8 Ra1 52. Rd4 Ra4 53. Rd7+ Ke8 54. Rc7 Ra1 55. Kb8 Ra4 56. Kb7 Ra1 57. Kc6 Ra4 58.
Kd6 Kd8 59. Rc6 Ra1 60. Ke6 Rg1 61. Kxf6 Rxg4 62. Kf7 Kd7 63. f6 a6 64. Rxb6 axb5 65.
cxb5 Kc7 66. Re6 Rb4 67. Ke7 Rxb5 68. f7 1-0

[Event "*** Titled Tuesday Blitz AM"]
[Site "Chess.com"]
[Date "2020.01.07"]
[Round "1"]
[White "Flawless_Fighter"]
[Black "LiamVrolijk"]
[Result "1-0"]
[WhiteElo "2456"]
[BlackElo "2810"]
[TimeControl "180+2"]
[EndTime "9:10:37 PST"]
[Termination "Flawless_Fighter won by resignation"]

1. e4 e5 2. Nf3 Nc6 3. Bb5 Nf6 4. O-O Nxe4 5. Re1 Nd6 6. Nxe5 Be7 7. Bf1 Nf5 8. c3 Nxe5 9. Rxe5 d6 10. Re1 O-O 11.
d4 d5 12. Bf4 g5 13. Bc1 f6 14. Nd2 Bd6 15. Bd3 Ng7 16. Nf1 c6 17. Bd2 f5 18.
f4 gxf4 19. Qf3 Ne6 20. Qh5 Qf6 21. h3 Bd7 22. Nh2 Ng5 23. Rf1 Be8 24. Qd1 Qg7 25. Kh1 Ne4 26. Bxf4 Ng3+ 27. Bxg3 Qxg3 28. Nf3 Bh5 29. Qe1 Rae8 30. Qxg3+ Bxg3 31. Ne5 Bxe5 32. dxe5 Rxe5 33. Rae1 Rxe1 34. Rxe1 Bg6 35. Re7 Rf7 36. Re8+ Kg7 37. Ra8 a6 38. Kg1 Bh5 39. Kf2 f4 40. Rb8 Re7 41. a4 h6 42. a5 Be8 43. b4 Kf6 44. Bf1 Ke5 45. Bd3 Kd6 46. Bf5 Ke5 47.
Bc8 d4 48. cxd4+ Kxd4 49. Bxb7 c5 50. bxc5 Kxc5 51. Bxa6 Bc6 52. Bf1 Rd7 53. a6 Rd2+ 54. Kg1 Ra2 55. Rf8 Ra1 56. Rxf4 Kd6 57. Rf6+ Kc7 58.
Rxh6 Bb5 59. Rf6 Kd7 60. g4 Ke7 61. g5 Bd7 62. h4 Ra4 63. Bg2 Bb5 64. Bb7 Bxa6 65.
Bxa6 Rg4+ 66. Kf2 Rxh4 67. Kg3 Ra4 68. Bb5 Rb4 69. Rf5 Ke6 70. Rc5 Kd6 71. Rf5 Ke6 72. Bd3 Ra4 73. Rf3 Ra1 74. g6 Rg1+ 75. Kf4 Kf6 76. Be4 Kg7 77. Rb3 Rf1+ 78. Ke5 Rc1 79. Rb7+ Kh6 80. Rh7+ Kg5 81. g7 Rc5+ 82. Kd4 Rc8 83.
Rh8 Rg8 84. Rxg8 1-0

[Event "*** Titled Tuesday Blitz AM"]
[Site "Chess.com"]
[Date "2020.01.07"]
[Round "1"]
[White "SlavenPastar"]
[Black "HarryCun"]
[Result "1-0"]
[WhiteElo "2553"]
[BlackElo "2044"]
[TimeControl "180+2"]
[EndTime "9:10:38 PST"]
[Termination "SlavenPastar won by checkmate"]

1. d4 Nf6 2. c4 e6 3. Nc3 Bb4 4. e3 b6 5. Bd3 Bb7 6. f3 d5 7. cxd5 Nxd5 8. Ne2 O-O 9. O-O Bxc3 10. bxc3 c5 11.
e4 Ne7 12. Bg5 h6 13. Bh4 Qd7 14. Rc1 Ng6 15. Bg3 Nc6 16. Bb1 Rfd8 17. Bf2 Rac8 18. Qa4 Nxd4 19. Qd1 Nxe2+ 20. Qxe2 Qc7 21. Bg3 e5 22. a4 Nf4 23. Bxf4 exf4 24. e5 Re8 25. Rfe1 Rcd8 26. Qc2 g6 27. e6 f5 28. Ba2 Bd5 29.
Rcd1 Bxa2 30. Rxd8 Qxd8 31. Qxa2 Qf6 32. Qc4 Re7 33.
h3 Kg7 34. Kh2 g5 35. Re2 Re8 36. Qd5 Re7 37. Qc4 Qf8 38. a5 Qb8 39. a6 Qd6 40.
Kg1 Kf6 41. Qb5 Rxe6 42. Rxe6+ Qxe6 43. Qd3 Qe1+ 44. Kh2 Qg3+ 45. Kg1 Qe1+ 46. Kh2 Qe6 47. Qd8+ Qe7 48. Qh8+ Qg7 49. Qb8 Kg6 50. Qd6+ Kh7 51.
Qb8 h5 52. Qb7 g4 53. hxg4 fxg4 54. fxg4 hxg4 55. c4 Kg6 56. Qe4+ Kg5 57. Qd5+ Kh4 58. Qd8+ Kh5 59. Qd5+ Kh6 60. Qd6+ Qg6 61. Qxf4+ Kh5 62. Qe5+ Qg5 63. Qe8+ Qg6 64. Qb8 Qf7 65. Qh8+ Kg5 66.
Qe5+ Kh4 67. g3# 1-0

[Event "*** Titled Tuesday Blitz AM"]
[Site "Chess.com"]
[Date "2020.01.07"]
[Round "1"]
[White "1stSecond"]
[Black "sergeikim"]
[Result "1-0"]
[WhiteElo "2816"]
[BlackElo "2432"]
[TimeControl "180+2"]
[EndTime "9:10:39 PST"]
[Termination "1stSecond won by resignation"]

1. Nf3 Nf6 2. c4 g6 3. Nc3 Bg7 4. e4 d6 5. d4 O-O 6. h3 e5 7. d5 a5 8. g4 Na6 9. Be3 Nc5 10. Nd2 c6 11. b3 Bd7 12. a3 cxd5 13. cxd5 Rc8 14. Rc1 h5 15. Rg1 hxg4 16. hxg4 Nh7 17. g5 f5 18. gxf6 Qxf6 19. b4 axb4 20. axb4 Na6 21.
Bxa6 bxa6 22. Qe2 Rb8 23. Rb1 Rfc8 24. Qd3 Bb5 25. Nxb5 axb5 26. Nb3 Rc4 27. Na5 Rd4 28. Bxd4 exd4 29. Qg3 Nf8 30. Ke2 Re8 31. Kd3 Nd7 32. Nc6 Ne5+ 33. Nxe5 Rxe5 34. f4 Rh5 35. Rh1 Rxh1 36.
Rxh1 Qf7 37. Ke2 Qc7 38. Qd3 Qa7 39. Rc1 Qa4 40. e5 dxe5 41. d6 Qa2+ 42. Qc2 Qd5 43. Qc8+ Bf8 44. Qg4 Qe4+ 45. Kf1 Qd3+ 46. Qe2 Qh3+ 47.
Ke1 d3 48. Qf2 exf4 49. Kd2 Qe3+ 50. Qxe3 fxe3+ 51. Kxd3 Bxd6 52. Rb1 Bf4 53. Ke4 g5 54. Ra1 Kf7 55. Kd3 Ke6 56. Ra5 Kf5 57. Rxb5+ Kg4 58. Ke2 Kg3 59. Rf5 g4 60. b5 Bd6 61. Rf6 Be5 62. Re6 Bf4 63. b6 Kh4 64. Re4 Kg5 65. Rxf4 Kxf4 66. b7 g3 67. b8=Q+ 1-0

[Event "*** Titled Tuesday Blitz AM"]
[Site "Chess.com"]
[Date "2020.01.07"]
[Round "1"]
[White "boasovietica"]
[Black "TigrVShlyape"]
[Result "0-1"]
[WhiteElo "2441"]
[BlackElo "2827"]
[TimeControl "180+2"]
[EndTime "9:11:10 PST"]
[Termination "TigrVShlyape won by resignation"]

1. Nf3 Nf6 2. b3 g6 3. Bb2 Bg7 4. g3 O-O 5. Bg2 d6 6. O-O e5 7. d3 Nc6 8. Nbd2 h6 9. c4 Be6 10. a3 Qd7 11. Re1 Bh3 12. Bh1 Rae8 13. e3 Ng4 14. b4 f5 15. Nh4 g5 16. Bg2 Bxg2 17. Nxg2 f4 18. b5 Nd8 19. exf4 gxf4 20. Ne4 Nf7 21.
f3 Nf6 22. Nxf6+ Bxf6 23. gxf4 Kh8 24. Qd2 Rg8 25. Kh1 Qh3 26. Qf2 Rg7 27. Rg1 Reg8 28. Raf1 Kh7 29. Ne1 Bh4 30. Qe2 Rxg1+ 31. Rxg1 Rxg1+ 32. Kxg1 Bxe1 33. Qxe1 Qxf3 34. fxe5 Ng5 35. h4 Qg4+ 36.
Kf2 Qxh4+ 37. Ke2 Qxe1+ 38. Kxe1 Nf3+ 39. Kf2 Nxe5 40. Ke3 Kg6 41. c5 Kf5 42. cxd6 cxd6 43. a4 h5 44. Ba3 Ke6 45. Ke4 h4 46. d4 d5+ 47. Kf4 h3 48. Kg3 h2 49. Kxh2 Nf3+ 50.
Kg3 Nd2 51. Kf2 Kf5 52. a5 a6 53. bxa6 bxa6 54. Bc5 Ke4 55. Ke2 Nb3 56. Bb6 Nxd4+ 57. Kd2 Nb5 58. Kc2 d4 59. Kd2 Nd6 60. Kd1 Nc4 61.
Kc2 Kd5 62. Kd3 Ne5+ 63. Kd2 Kc4 64. Ba7 Nc6 65. Bb6 Nb4 66. Ba7 Nd5 67. Kc2 Nc3 68. Kd2 Ne4+ 69. Kc2 d3+ 70. Kd1 Kc3 71. Be3 d2 72.
Bb6 Kd3 73. Bd4 Kxd4 0-1

[Event "*** Titled Tuesday Blitz AM"]
[Site "Chess.com"]
[Date "2020.01.07"]
[Round "1"]
[White "KaydenTroffChess"]
[Black "BIG_Pirate"]
[Result "0-1"]
[WhiteElo "2735"]
[BlackElo "2414"]
[TimeControl "180+2"]
[EndTime "9:11:10 PST"]
[Termination "BIG_Pirate won by checkmate"]

1. d4 d5 2. Nf3 c6 3. Bf4 Bf5 4.
e3 Nf6 5. Nbd2 Nbd7 6. Bd3 Bg6 7. O-O e6 8. Ne5 Nxe5 9. dxe5 Nd7 10. Bg3 Be7 11. f4 Bh4 12. Bxh4 Qxh4 13. Nf3 Qe7 14. Qe2 Nc5 15. Rad1 Rc8 16. Ng5 a6 17. Bxg6 hxg6 18. e4 Nxe4 19. Nxe4 dxe4 20. Qxe4 Rd8 21. Kh1 O-O 22. h3 Rxd1 23. Rxd1 Rd8 24. Rd4 Rd5 25. c4 Rxd4 26. Qxd4 Qb4 27. Kh2 Qe1 28. Qd8+ Kh7 29. Qe7 Qe4 30. Qxf7 Qxc4 31. Kg3 Qxa2 32. Qxb7 Qc4 33.
Qe7 Qd3+ 34. Kh2 Qf5 35. Qh4+ Kg8 36. Qd8+ Kh7 37. Qd4 c5 38. Qc4 a5 39. Kg3 g5 40.
fxg5 Qxg5+ 41. Kf3 Qxe5 42. Qh4+ Kg6 43. Qg4+ Kf6 44. Qh4+ Qg5 45. Qa4 Qf5+ 46. Kg3 Qe5+ 47. Kf3 Qd5+ 48. Kg3 Qe5+ 49. Kf3 Qxb2 50. Qxa5 Qb3+ 51.
Kf2 Qb2+ 52. Kf3 Qb3+ 53. Kf2 Qc2+ 54. Kg3 Qd3+ 55. Kh2 c4 56. Qc5 c3 57. Qf8+ Kg6 58.
Qe8+ Kf5 59. Qf7+ Ke4 60. Qxe6+ Kd4 61. Qd6+ Ke3 62. Qg3+ Kd2 63. Qf2+ Kd1 64. Qg1+ Kc2 65. Qf2+ Kc1 66. Qg1+ Qd1 67. Qa7 Qd6+ 68. Kg1 c2 69. Kf2 Qf4+ 70. Ke2 Qe4+ 71. Kf2 Qf5+ 72. Ke1 Qe5+ 73. Kf2 Kd2 74. Qd7+ Kc3 75. Qc6+ Kd3 76. Qa6+ Kd2 77. Qa2 Qe3+ 78. Kf1 Qe1# 0-1

[Event "*** Titled Tuesday Blitz AM"]
[Site "Chess.com"]
[Date "2020.01.07"]
[Round "1"]
[White "BeanScreen"]
[Black "liczner"]
[Result "0-1"]
[WhiteElo "2427"]
[BlackElo "2816"]
[TimeControl "180+2"]
[EndTime "9:11:28 PST"]
[Termination "liczner won by checkmate"]

1. e4 c6 2. d4 d5 3. exd5 cxd5 4. Bd3 Nc6 5. c3 Nf6 6. Bf4 Bg4 7. Qb3 Qc8 8. Nd2 e6 9. Ngf3 Be7 10. O-O Bh5 11. Ne5 Nxe5 12. Bxe5 O-O 13. Qc2 Bg6 14. Bxg6 hxg6 15.
Qd3 Qc6 16. a4 Rfc8 17. f4 Ne4 18. Nxe4 dxe4 19. Qg3 f6 20. Qxg6 fxe5 21. fxe5 Rf8 22.
Rfe1 Rf4 23. Re3 Raf8 24. Rg3 R8f7 25. Rh3 Rh4 26. Rxh4 Bxh4 27. g3 Be7 28. Re1 e3 29. Rxe3 Qxa4 30. Re1 Qb3 31. Rf1 Rxf1+ 32. Kxf1 b5 33.
Qe8+ Bf8 34. Kg1 a5 35. Qc6 a4 36. h4 Qd5 37. Qe8 Qb3 38. Qc6 Qd1+ 39. Kh2 Qe2+ 40. Kh3 Qf1+ 41. Kh2 Qf2+ 42. Kh3 Qf5+ 43. Kh2 Qc2+ 44.
Kh3 Qb3 45. Qe8 b4 46. cxb4 Qd5 47. b5 Qxd4 48. Qxe6+ Kh8 49. b6 Qxb2 50. Qc8 Qxb6 51. Qxf8+ Kh7 52. Qf5+ Qg6 53. Qd7 a3 54. Qa7 Qf5+ 55.
Kh2 Qc2+ 56. Kh3 Qf5+ 57. Kh2 Qc2+ 58. Kh3 a2 59. e6 Qf5+ 60. Kh2 Qxe6 61. Qa4 Qd5 62.
Qa6 Qd2+ 63. Kh3 Qc2 64. h5 Qb1 65. h6 a1=Q 66. Qc4 Qf5+ 67. Qg4 Qh1# 0-1

[Event "*** Titled Tuesday Blitz AM"]
[Site "Chess.com"]
[Date "2020.01.07"]
[Round "1"]
[White "enriquetejedor"]
[Black "Pultis"]
[Result "0-1"]
[WhiteElo "2460"]
[BlackElo "2852"]
[TimeControl "180+2"]
[EndTime "9:11:40 PST"]
[Termination "Pultis won by resignation"]

1. d4 Nf6 2. c4 g6 3. Nc3 d5 4. cxd5 Nxd5 5. Nf3 Bg7 6. Qb3 Nxc3 7. bxc3 O-O 8. e3 c5 9. Ba3 b6 10. Be2 Nc6 11. O-O Na5 12. Qa4 Bd7 13. Bb5 Bxb5 14. Qxb5 Qd5 15. Bxc5 Nb7 16. c4 Qh5 17. Bxe7 Qxb5 18.
cxb5 Rfe8 19. Bb4 Bf8 20. Bxf8 Kxf8 21. Rfc1 Nd6 22. a4 Rac8 23. Ne5 f6 24. Nc6 Rc7 25. h3 Rec8 26. d5 f5 27. Rcb1 Ne4 28. Ra3 Rd7 29. Rd1 a5 30. f3 Nc5 31. Rd4 Re8 32. Kf2 Kg7 33. Ra2 Nb3 34. Rd1 Kf6 35. Rb2 Nc5 36.
Ra2 Rd6 37. h4 Rc8 38. g3 Rc7 39. Rd4 Nb3 40. Rd1 Nc5 41. Rdd2 Rcd7 42. Rd4 Nb3 43. Rd1 Rxd5 44. Rxd5 Rxd5 45. e4 fxe4 46. fxe4 Rd3 47. e5+ Ke6 48. Kg2 Nc5 49. Rf2 Ne4 50. Rf8 Rxg3+ 51.
Kh2 Ra3 52. Re8+ Kd5 53. e6 Nf6 54. Re7 Rxa4 55. Nd8 Rxh4+ 56. Kg3 Re4 57. Rf7 Nh5+ 58. Kf3 a4 59. Rd7+ Ke5 60. Nc6+ Kf5 61. e7 Nf6 62. Rd8 a3 63. Ra8 g5 64. Rxa3 g4+ 65. Kg2 Nd5 66. Ra7 Kf6 67. e8=Q Rxe8 68. Rxh7 Re3 69. Rb7 Nf4+ 70.
Kf2 Rf3+ 71. Kg1 g3 72. Nd4 Rd3 73. Rxb6+ Kf7 74. Rb7+ Ke8 75. Rb8+ Kd7 76. Rb7+ Kc8 77. Rc7+ Kxc7 78. Ne6+ Nxe6 0-1

[Event "*** Titled Tuesday Blitz AM"]
[Site "Chess.com"]
[Date "2020.01.07"]
[Round "1"]
[White "Ariadna_Atreides"]
[Black "SiddharthGMJagadeesh"]
[Result "1/2-1/2"]
[WhiteElo "2063"]
[BlackElo "2554"]
[TimeControl "180+2"]
[EndTime "9:11:41 PST"]
[Termination "Game drawn by agreement"]

1. d4 Nf6 2. Nf3 e6 3. e3 b6 4. Bd3 Bb7 5. O-O g6 6. b3 Bg7 7.
Bb2 O-O 8. Nbd2 d5 9. Ne5 Nbd7 10. f4 c5 11. Qe2 Ne4 12. Nxe4 dxe4 13. Bc4 a6 14. a4 Qc7 15. Rfd1 Rfd8 16. Rd2 cxd4 17. exd4 Nf6 18. Qe3 Rac8 19. Rad1 Nd5 20. Bxd5 exd5 21. Ng4 h5 22. Nf2 Bh6 23. g3 b5 24. axb5 axb5 25. Nh3 Qd7 26. Kg2 Rc7 27. Ba3 Rdc8 28. Bc5 Bg7 29.
b4 Ra8 30. Ng5 f6 31. Nh3 Bc8 32. Nf2 Ra4 33. c3 Ra3 34. Rc2 Rc6 35. Rdd2 Qb7 36. Ra2 Qa6 37. Rxa3 Qxa3 38. Rc2 Bf5 39. Nd1 Bh6 40.
Qc1 Qxc1 41. Rxc1 g5 42. Ne3 Be6 43. fxg5 Bxg5 44. Re1 Bxe3 45. Rxe3 Ra6 46. Re2 Ra3 47. Rc2 Bf5 48. Rc1 Ra2+ 49. Kg1 e3 50. Re1 e2 51. Kf2 Bg4 52. h3 Bxh3 53. Rxe2 Rxe2+ 54. Kxe2 Kf7 55. Kf3 Ke6 56. Bb6 Kf5 57. Bc7 Bg4+ 58. Ke3 Bd1 59. Bf4 Kg4 60. Bd6 Bc2 61. Bc7 Be4 62. Bd6 Bh1 63. Bc7 Bg2 64. Bd6 Bf1 65. Bc7 Bc4 66.
Bd6 Bb3 67. Bc7 Bc2 68. Bd6 Bh7 69. Bc7 Bf5 70. Bd6 Bd7 71. Bc7 h4 72. gxh4 Kxh4 73. Kf4 Kh5 74. Bd6 Kg6 75. Be7 Kf7 76. Bd6 Ke6 77.
Bc5 Be8 78. Bb6 Bg6 79. Bc5 Bd3 80. Bb6 Bc4 81. Bc5 Bd3 82. Bb6 Bc4 83. Bc5 Ba2 84.
Bf8 Bb1 85. Bc5 Bh7 86. Bf8 Be4 87. Bc5 1/2-1/2

[Event "*** Titled Tuesday Blitz AM"]
[Site "Chess.com"]
[Date "2020.01.07"]
[Round "1"]
[White "ChessFunMaker"]
[Black "Leonid_Starozhilov"]
[Result "1/2-1/2"]
[WhiteElo "2358"]
[BlackElo "2706"]
[TimeControl "180+2"]
[EndTime "9:11:58 PST"]
[Termination "Game drawn - insufficient material"]

1. c4 Nf6 2. g3 g6 3. Bg2 Bg7 4. Nc3 O-O 5. e4 c5 6. Nge2 Nc6 7. O-O d6 8. d3 a6 9. h3 Rb8 10. a4 Ne8 11. Be3 Nd4 12. Rb1 Nxe2+ 13. Nxe2 b5 14. cxb5 axb5 15. d4 bxa4 16. Qxa4 Bd7 17.
Qc2 cxd4 18. Bxd4 Bxd4 19. Nxd4 Qb6 20. Rfd1 Nf6 21. Qe2 Bb5 22. Qe3 Rfd8 23. e5 dxe5 24. Qxe5 Ba4 25. b3 Be8 26. Rbc1 Qd6 27. Qe2 Qb4 28.
Rc4 Qd6 29. Rdc1 e5 30. Nc6 Bxc6 31. Rxc6 Qe7 32. Rc7 Rd7 33. Rc8+ Rxc8 34. Rxc8+ Kg7 35. Qc4 Rd8 36. Rc7 Rd7 37. Rxd7 Qxd7 38. b4 Qd4 39.
Qxd4 exd4 40. Kf1 Nd7 41. Ke2 Kf6 42. Kd3 Ke5 43. Bc6 Nb6 44. Be8 f6 45. f4+ Kd5 46. Bf7+ Kd6 47. Kxd4 Nd7 48. Bg8 h6 49. Bf7 g5 50.
Be8 Nb6 51. Bb5 Nd5 52. fxg5 fxg5 53. Kc4 Ne3+ 54. Kc3 Nd5+ 55. Kb3 Ke5 56. Bc6 Ne3 57. b5 Kd6 58. Kb4 Nf5 59. g4 Nd4 60. Bg2 Nc2+ 61.
Ka5 Kc7 62. b6+ Kb8 63. Kb5 Nd4+ 64. Kc5 Ne2 65. Kd6 Nf4 66. Bf1 Kb7 67. Ke7 h5 68. Kf6 hxg4 69. hxg4 Kxb6 70. Kxg5 Nd5 71. Kh6 Kc7 72.
g5 Nf4 73. Kg7 Kd6 74. Kf6 Nh5+ 75. Kf7 Nf4 76. Kf6 Nh5+ 77. Kf7 Nf4 78. Bc4 Ke5 79.
Bb3 Kd6 80. Bc2 Ke5 81. g6 Nxg6 1/2-1/2

[Event "*** Titled Tuesday Blitz AM"]
[Site "Chess.com"]
[Date "2020.01.07"]
[Round "1"]
[White "Msb2"]
[Black "Oligan22"]
[Result "1/2-1/2"]
[WhiteElo "2861"]
[BlackElo "2483"]
[TimeControl "180+2"]
[EndTime "9:11:59 PST"]
[Termination "Game drawn by repetition"]

1. d4 d5 2. c4 e6 3. Nc3 a6 4.
cxd5 exd5 5. Qb3 c6 6. e4 dxe4 7.
Bc4 Qe7 8. a4 Nf6 9. Bg5 Bf5 10.
Bxf6 gxf6 11. Nge2 Bg6 12. O-O Bg7 13. Ng3 f5 14.
Nce2 O-O 15. f3 b5 16. axb5 cxb5 17. Bd5 Ra7 18. fxe4 fxe4 19. Kh1 Nd7 20. Rae1 Nf6 21. Nf4 Nxd5 22. Qxd5 Rd7 23. Nf5 Bxf5 24. Qxf5 Rxd4 25. Nh5 Qe5 26. Qg4 Kh8 27. Rf5 e3 28. Qh3 Qe6 29.
Nxg7 Kxg7 30. Qg3+ Kh8 31. Re5 Qg6 32. Qxe3 Rg4 33.
Qf3 Rg8 34. R5e2 Rg5 35. h3 Rf5 36. Qc3+ Qg7 37. Qd3 Qg6 38. Re8 Rf2 39. Rxg8+ Kxg8 40. Re8+ Kg7 41. Qd4+ Qf6 42. Qg4+ Qg6 43. Qd4+ Qf6 44. Qe3 Rf1+ 45. Kh2 Qf4+ 46. Qxf4 Rxf4 47. Ra8 Ra4 48.
Kg3 Ra2 49. b4 Ra3+ 50. Kf4 Ra4 51. Kf5 Rxb4 52. Rxa6 Rb2 53. g4 h6 54. Rb6 Rf2+ 55.
Ke4 Rh2 56. Rxb5 Rxh3 57. Kf4 Rh1 58. Rb6 Rf1+ 59. Kg3 Rg1+ 60. Kf4 Rf1+ 61. Ke4 Rg1 62. Kf3 Rf1+ 63. Kg2 Rf4 64. Kg3 Ra4 65. Rc6 Ra5 66.
Kh4 Ra4 67. Kh5 Ra5+ 68. Kh4 Rb5 69. Ra6 Rc5 70. Ra3 Rb5 71. Re3 Rc5 72. Kg3 Ra5 73.
Kf4 Ra4+ 74. Kf3 Ra5 75. Rc3 Ra4 76. Rc5 Rb4 77. Kg3 Rb3+ 78. Kh4 Rb1 79. Ra5 Rc1 80. Rb5 Rd1 81. g5 hxg5+ 82. Kxg5 Rg1+ 83. Kf4 Rf1+ 84. Kg4 Rg1+ 85. Kf3 Rf1+ 86. Kg2 Ra1 87. Rg5+ Kf6 88.
Rb5 Kg6 89. Rb6+ f6 90. Kf3 Kf5 91. Rb5+ Kg6 92. Rc5 Ra3+ 93. Kf4 Ra4+ 94. Kg3 f5 95. Rc8 Kf6 96. Rf8+ Ke5 97. Re8+ Kf6 98. Rf8+ Ke5 99. Kf3 Ra3+ 100. Kf2 Kf4 101. Rb8 Ra2+ 102. Kf1 Kg3 103. Rb3+ Kg4 104. Rc3 f4 105. Rb3 Rc2 106. Ra3 Rb2 107.
Rc3 Rb1+ 108. Kf2 Rb2+ 109. Kf1 Rb1+ 110. Kf2 Rb2+ 111. Kf1 1/2-1/2